 Dungeon Crawl Stone Soup version 0.31-a0-435-g2c6fae2916 (webtiles) character file.

Game seed: 11556643107232123258

119 floatRand the Grasshopper (level 5, -5/50 HPs)
             Began as an Ogre Warper on Aug 1, 2023.
             Slain by Jessica
             ... wielding a +2 vampiric dagger
              (9 damage)
             ... on level 3 of the Dungeon.
             The game lasted 00:02:43 (2073 turns).

floatRand the Grasshopper (Ogre Warper)             Turns: 2073, Time: 00:02:48

Health: -5/50      AC:  3    Str: 15    XL:     5   Next: 3%
Magic:  8/8        EV:  9    Int: 16    God:
Gold:   100        SH:  0    Dex:  8    Spells: 3/8 levels left

rFire   . . .        a - +0 mace
rCold   . . .        (no shield)
rNeg    . . .        b - +0 robe
rPois   .            (helmet restricted)
rElec   .            (no cloak)
rCorr   .            (gloves unavailable)
SInv    .            (boots unavailable)
Will    .....        (no amulet)
Stlth   +            (no ring)
HPRegen 0.28/turn    (no ring)
MPRegen 0.11/turn

%: no passive effects
@: no status effects
A: large, unfitting armour, tough skin 1
a: no special abilities


You were on level 3 of the Dungeon.
You visited 1 branch of the dungeon, and saw 3 of its levels.

You collected 100 gold pieces.

Inventory:

Hand Weapons
 a - a +0 mace (weapon)
Missiles
 d - 7 darts of dispersal (quivered)
 h - 6 poisoned darts
 m - 2 javelins
Armour
 b - a +0 robe (worn)
Jewellery
 e - a +6 ring of intelligence
 k - a ring of protection from cold
Scrolls
 c - 2 scrolls of blinking
 f - 2 scrolls of fog {unknown}
 g - 2 scrolls of vulnerability {unknown}
 i - 2 scrolls of revelation {unknown}
 l - a scroll of torment {unknown}
 o - 4 scrolls of teleportation {unknown}
 r - a scroll of noise {unknown}
Potions
 j - 2 potions of resistance {unknown}
 n - 2 potions of curing {unknown}
 p - a potion of berserk rage {unknown}
 q - a potion of haste {unknown}
 s - 2 potions of degeneration {unknown}
 t - a potion of mutation {unknown}
 u - a potion of might {unknown}


   Skills:
 - Level 2.6 Fighting
 * Level 3.4 Maces & Flails
 - Level 1.0 Throwing
 - Level 2.1 Dodging
 - Level 2.4 Spellcasting
 * Level 4.0 Translocations


You had 3 spell levels left.
You knew the following spells:

 Your Spells              Type           Power      Damage    Failure   Level
a - Blink                 Tloc           28%        N/A       6%          2
b - Teleport Other        Tloc           14%        N/A       12%         3

Your spell library contained the following spells:

 Spells                   Type           Power      Damage    Failure   Level
 Lesser Beckoning         Tloc           28%        N/A       6%          2
 Kiss of Death            Conj/Necr      4%         2d5       21%         1
 Vhi's Electric Charge    Tloc/Air       16%        N/A       26%         3
 Confusing Touch          Hex            1%         N/A       52%         3
 Manifold Assault         Tloc           14%        N/A       36%         4
 Dispel Undead            Necr           1%         3d6       89%         4


Dungeon Overview and Level Annotations

Branches:
Dungeon (3/15)

Altars:

Annotations:
D:3 Jessica


Innate Abilities, Weirdness & Mutations

You are too large for most types of armour.
You have tough skin. (AC +1)


Message History

Jessica hits you with a +2 vampiric dagger.
Jessica draws strength from your wounds!
Jessica mumbles some strange words.
Jessica blinks!
Unknown command.
You start resting.
Jessica is nearby!
Jessica hits you with a +2 vampiric dagger.
* * * LOW HITPOINT WARNING * * *
You closely miss Jessica. Jessica barely misses you.
Jessica closely misses you.
You barely miss Jessica. Jessica casts a spell at you.
You struggle to resist.
Jessica casts a spell.
Jessica blinks!
You hit Jessica.
Jessica is severely wounded.
Jessica closely misses you. x2
You hit Jessica.
Jessica is severely wounded.
Jessica barely misses you. Jessica gestures at you while chanting.
Pain shoots through your body!
* * * LOW HITPOINT WARNING * * *
You closely miss Jessica.
Jessica is severely wounded.
Jessica casts a spell.
Jessica blinks!
Unknown command.
You start resting.
Jessica says, "Why did you come here?"
Jessica is nearby!
You closely miss Jessica.
Jessica is severely wounded.
Jessica casts a spell at you. Pain shoots through your body!
* * * LOW HITPOINT WARNING * * *
Jessica hits you with a +2 vampiric dagger!
You die...

#.# #######.#
#...#.†.###########
###.#.#.###.....@....
#...#...# #.##.......
#.#########.# .!.....
#.@..>..†...# .......
#######@##### .......
#@# ....h.. ###
'###'## .. #.


You could see Jessica (fast).

Vanquished Creatures
  Natasha (twice) (D:3)
  An adder (D:2)
  A worm (D:2)
  2 dart slugs (D:2)
  5 ball pythons
  5 endoplasms
  A giant cockroach (D:1)
  5 goblins
  4 hobgoblins
  5 kobolds
  4 quokkas
  8 bats
  5 frilled lizards
  5 rats
53 creatures vanquished.

Notes
Turn   | Place    | Note
-------+----------+-------------------------------------------
     0 | D:1      | floatRand the Ogre Warper began the quest for the Orb.
     0 | D:1      | Reached XP level 1. HP: 22/22 MP: 3/3
   132 | D:1      | Reached skill level 3 in Translocations
   132 | D:1      | Reached XP level 2. HP: 25/29 MP: 5/5
   553 | D:1      | Reached XP level 3. HP: 26/36 MP: 6/6
   816 | D:2      | Learned a level 2 spell: Blink
  1348 | D:2      | Reached XP level 4. HP: 11/44 MP: 7/7
  1356 | D:2      | Learned a level 3 spell: Teleport Other
  1686 | D:3      | Found a faded altar of an unknown god.
  1820 | D:3      | Noticed Natasha
  1831 | D:3      | Killed Natasha
  2045 | D:3      | Noticed Jessica
  2046 | D:3      | Noticed Natasha
  2060 | D:3      | Killed Natasha
  2061 | D:3      | Reached skill level 4 in Translocations
  2061 | D:3      | Reached XP level 5. HP: 20/50 MP: 8/8
  2073 | D:3      | Slain by Jessica

Illustrated notes

Levels and vault maps discovered:
D:1:      kennysheep_arrival_seaside, layout_rooms, minmay_misc_feat_rugged
D:2:      layout_rooms
D:3:      layout_basic, mainiacjoe_overflow_24_doors, serial_shops, shop,
          basic_ecumenical_altar, nicolae_the_louvre, uniq_crazy_yiuf_cottage,
          uniq_jessica, uniq_natasha

Skill      XL: |  1  2  3  4 |
---------------+-------------+-----
Maces & Flails | 2 3 |  3.4
Translocations | 3 4 |  4.0
Fighting       | |  2.6
Throwing       | |  1.0
Dodging        | |  2.1
Spellcasting   | |  2.4

Action                     |  1- 3 |  4- 6 || total
---------------------------+-------+-------++-------
  Melee: Mace              |   168 |    38 ||   206
         Punch             |     1 |       ||     1
 Armour: Robe              |    84 |     6 ||    90
  Dodge: Dodged            |   127 |    25 ||   152

Table legend: (Time is in decaauts)
 A = Elapsed time spent in this place.
 B = Non-inter-level travel time spent in this place.
 C = Inter-level travel time spent in this place.
 D = Time resting spent in this place.
 E = Time spent auto-exploring this place.
 F = Levels seen in this place.
 G = Mean time per level.
                   A        B        C        D        E       F      G
               +--------+--------+--------+--------+--------+-----+--------+
         Total |   2129 |   2052 |     77 |    469 |    969 |   3 |  709.7 |
       Dungeon |   2129 |   2052 |     77 |    469 |    969 |   3 |  709.7 |
               +--------+--------+--------+--------+--------+-----+--------+

Top non-repeatable levels by time:
     D:1: 947 daAuts
     D:2: 743 daAuts
     D:3: 438 daAuts
